 Dungeon Crawl Stone Soup version 0.30-b1-2-g02819fbbbe (webtiles) character file.

Game seed: 14644844689610157273

497 Anon888 the Cudgeller (level 7, -1/34 (41) HPs)
             Began as a Gargoyle Reaver on Nov 7, 2023.
             Was a Follower of Uskayaw.
             Slain by Crazy Yiuf
             ... wielding a +2 quarterstaff of chaos
              (12 damage)
             ... on level 3 of the Dungeon.
             The game lasted 00:28:28 (4410 turns).

Anon888 the Cudgeller (Gargoyle Reaver)             Turns: 4410, Time: 00:28:29

HP:   -1/34 (41)    AC:  9    Str: 16    XL:     7   Next: 15%
MP:   10/10         EV: 12    Int: 15    God:    Uskayaw [*.....]
Gold: 138           SH:  0    Dex: 11    Spells: 9/10 levels left

rFire   . . .        p - +5 dagger "Xuwyhu" {venom, Dex+3 Stlth+}
rCold   . . .        (no shield)
rNeg    + . .        b - +0 leather armour
rPois   ∞            r - +0 helmet
rElec   +            (no cloak)
rCorr   .            (no gloves)
SInv    +            (no boots)
Will    .....        (no amulet)
Stlth   ++           l - ring of see invisible
HPRegen 0.25/turn    (no ring)
MPRegen 0.12/turn

%: no passive effects
@: heavily drained
A: sickness immunity, AC +4, negative energy resistance 1, electricity
resistance, torment resistance 1, petrification resistance
a: Renounce Religion, Stomp


You were on level 3 of the Dungeon.
You worshipped Uskayaw.
Uskayaw was noncommittal.
You visited 1 branch of the dungeon, and saw 3 of its levels.

You collected 138 gold pieces.

Inventory:

Hand Weapons
 a - a +0 mace
 e - a +0 club
 p - the +5 dagger "Xuwyhu" (weapon) {venom, Dex+3 Stlth+}
   (You took it off a goblin on level 2 of the Dungeon)

   Dex:       It affects your dexterity (+3).
   Stlth:     It makes you more stealthy.
 w - a +0 short sword of venom
Missiles
 c - 4 poisoned darts
 t - 5 boomerangs (quivered)
Armour
 b - a +0 leather armour (worn)
 i - a +0 ring mail
 q - a +0 robe
 r - a +0 helmet (worn)
Magical Staves
 A - a staff of death
Jewellery
 l - a ring of see invisible (left hand)
Scrolls
 f - a scroll of silence {unknown}
 j - 3 scrolls of enchant weapon {unknown}
 n - a scroll of fog
 o - 4 scrolls of teleportation
 u - a scroll of torment {unknown}
 y - a scroll of identify {unknown}
Potions
 d - 4 potions of lignification {unknown}
 g - a potion of resistance {unknown}
 h - 2 potions of heal wounds {unknown}
 k - 2 potions of mutation {unknown}
 m - a potion of cancellation {unknown}
 s - 5 potions of curing {unknown}
 v - a potion of brilliance {unknown}
 x - a potion of flight {unknown}
 z - a potion of degeneration {unknown}


   Skills:
 + Level 3.1 Fighting
 + Level 1.3 Short Blades
 + Level 5.3 Maces & Flails
 + Level 2.8 Armour
 + Level 2.7 Dodging
 + Level 1.5 Stealth
 + Level 2.4 Spellcasting
 + Level 3.8 Conjurations
 + Level 0.1 Necromancy


You had 9 spell levels left.
You knew the following spells:

 Your Spells              Type           Power      Damage    Failure   Level
a - Kiss of Death         Conj/Necr      28%        2d7       12%         1

Your spell library contained the following spells:

 Spells                   Type           Power      Damage    Failure   Level
 Momentum Strike          Conj/Tloc      14%        3d8       17%         2
 Necrotise                Necr           8%         1d4       24%         1
 Apportation              Tloc           2%         N/A       26%         1
 Summon Small Mammal      Summ           4%         N/A       26%         1
 Hailstorm                Conj/Ice       7%         3d4       34%         3


Dungeon Overview and Level Annotations

Branches:
Dungeon (3/15)

Altars:
Uskayaw

Shops:
D:1 (**[[

Annotations:
D:3 Crazy Yiuf


Innate Abilities, Weirdness & Mutations

You are immune to sickness and miasma.
Your stone body is resilient. (AC +4)
You are immune to poison.
You resist negative energy. (rN+)
You are resistant to electric shocks. (rElec)
You are resistant to unholy torment.
You are immune to petrification.


Message History

You pick up a book of Cantrips and begin reading...
You add the spells Necrotise, Summon Small Mammal and Apportation to your library.
There is a stone staircase leading up here.
An endoplasm comes into view.
The helpless endoplasm fails to defend itself.
You hit the endoplasm.
You kill the endoplasm!
Found a hammer.
Found a runed translucent door.
Crazy Yiuf shouts!
You open the door.
Crazy Yiuf cries, "Peeping!"
Throw: 5 boomerangs
Press: ? - help, Q - select action, (/) - cycle Shift-Dir - straight line, f - Crazy Yiuf
Aim: Crazy Yiuf, wielding a +2 quarterstaff of chaos and wearing a +0 cloak (60% to hit)
You throw a boomerang. The boomerang barely misses Crazy Yiuf.
You hit Crazy Yiuf. You punch Crazy Yiuf.
Crazy Yiuf is moderately wounded.
Crazy Yiuf closely misses you.
You hit Crazy Yiuf but do no damage.
Crazy Yiuf is moderately wounded.
Crazy Yiuf hits you with a +2 quarterstaff of chaos.
You easily resist.
You hit Crazy Yiuf but do no damage.
Crazy Yiuf is moderately wounded.
Crazy Yiuf hits you but does no damage.
You hit Crazy Yiuf.
Crazy Yiuf is poisoned.
Crazy Yiuf is moderately wounded.
Crazy Yiuf completely misses you.
You hit Crazy Yiuf.
Crazy Yiuf is heavily wounded.
Crazy Yiuf hits you with a +2 quarterstaff of chaos!
Crazy Yiuf burns you.
You barely miss Crazy Yiuf.
Crazy Yiuf is heavily wounded.
Crazy Yiuf hits you with a +2 quarterstaff of chaos.
Space warps around you.
* * * LOW HITPOINT WARNING * * *
Crazy Yiuf attacks as you move away!
Crazy Yiuf hits you with a +2 quarterstaff of chaos!
You die...

######### ######
#.......####....##
#.####.......#...##
#.###.#.#.####....#
#.#.......# ##..##
####### #.#.#.....#
♣....♣ #......
##.........# ♣♣@..♣
#.#####
...........# ♣♣g♣♣
#.# ##.........#
♣♣.♣ ######.#
...........# ♣.♣♣
#......#
.........### ♣♣.♣
############
...........# ♣.♣♣
##....[.
...#...#.### #'#
#####...####
#........### ...
#.....#.#
#.##.......# #...#
#####...#


You could see Crazy Yiuf (very poisoned).

Vanquished Creatures
  Sigmund (D:2)
  An ice beast (D:3)
  Jessica (D:2)
  2 orc wizards (D:3)
  10 adders
  2 worms (D:3)
  A dart slug (D:1)
  An orc (D:3)
  A bat (D:1)
  7 endoplasms
  6 giant cockroaches
  5 goblins
  4 hobgoblins
  4 jackals (D:1)
  5 kobolds
  2 quokkas
  4 ball pythons
  5 frilled lizards
  5 rats
67 creatures vanquished.

Notes
Turn   | Place    | Note
-------+----------+-------------------------------------------
     0 | D:1      | Anon888 the Gargoyle Reaver began the quest for the Orb.
     0 | D:1      | Reached XP level 1. HP: 12/12 MP: 3/3
   244 | D:1      | Reached XP level 2. HP: 15/17 MP: 5/5
   256 | D:1      | Found Vauxkel's Antique Armour Shop.
   331 | D:1      | Found Jovow's Armour Boutique.
   529 | D:1      | Found Mealisag's Assorted Antiques.
   764 | D:1      | Found Haoppus's Assorted Antiques.
   787 | D:1      | Found Avu Qut's Antique Weapon Shop.
   791 | D:1      | You fall into a shaft and drop 1 floor!
   827 | D:2      | Reached skill level 1 in Armour
   827 | D:2      | Reached XP level 3. HP: 14/21 MP: 6/6
  1287 | D:2      | Noticed Sigmund
  1363 | D:2      | Killed Sigmund
  1364 | D:2      | Reached skill level 4 in Maces & Flails
  1364 | D:2      | Reached XP level 4. HP: 7/27 MP: 4/7
  1364 | D:2      | Reached XP level 5. HP: 8/32 MP: 4/8
  1364 | D:2      | Reached XP level 6. HP: 9/36 MP: 4/9
  1985 | D:2      | Noticed Jessica
  1990 | D:2      | Killed Jessica
  1991 | D:2      | Reached skill level 5 in Maces & Flails
  2254 | D:2      | Identified the +5 dagger "Xuwyhu" {venom, Dex+3 Stlth+}
  2572 | D:1      | Found a faded altar of an unknown god.
  2584 | D:1      | Prayed at the altar of an unknown god.
  2584 | D:1      | Became a worshipper of Uskayaw the Reveller
  2584 | D:1      | Reached * piety under Uskayaw
  3150 | D:3      | Reached ** piety under Uskayaw
  3154 | D:3      | Reached *** piety under Uskayaw
  3289 | D:3      | Noticed an ice beast
  3429 | D:3      | Killed an ice beast
  3430 | D:3      | Reached skill level 1 in Stealth
  3430 | D:3      | Reached XP level 7. HP: 20/32 MP: 6/10
  3528 | D:3      | Reached skill level 1 in Short Blades
  4393 | D:3      | Found a runed translucent door.
  4394 | D:3      | Noticed Crazy Yiuf
  4410 | D:3      | Slain by Crazy Yiuf

Illustrated notes

Levels and vault maps discovered:
D:1:      shiori_arrival_oz, layout_loops_corners,
          hellmonk_ecumenical_altar_pennies_from_heaven, serial_shops,
          nicolae_square_shop, shop, nicolae_shop_just_a_little_nook,
          shop_statue, shop, serial_forest, infiniplex_forest_straight_4,
          infiniplex_forest_lined_corner, infiniplex_forest_straight_2,
          infiniplex_forest_clump_tiny, infiniplex_forest_lined_room_2
D:2:      layout_loops_corners, minmay_hexomino_c4, uniq_jessica, uniq_sigmund
D:3:      layout_loops_ring, kennysheep_potato, uniq_crazy_yiuf_cottage

Skill      XL: |  1  2  3  4  5  6  7 |
---------------+----------------------+-----
Armour         | 1 2 |  2.8
Maces & Flails | 4 5 |  5.3
Dodging        | 2 |  2.7
Fighting       | 3 |  3.1
Stealth        | 1 |  1.5
Short Blades   | 1 |  1.3
Spellcasting   | |  2.4
Conjurations   | |  3.8
Necromancy     | |  0.1

Action                     |  1- 3 |  4- 6 |  7- 9 || total
---------------------------+-------+-------+-------++-------
  Melee: Mace              |    64 |    51 |       ||   115
         Punch             |     2 |     1 |     2 ||     5
         Dagger            |       |    37 |    40 ||    77
  Throw: Boomerang         |       |       |     1 ||     1
   Cast: Kiss of Death     |     3 |     4 |       ||     7
    Use: Scroll            |       |     3 |       ||     3
   Stab: Paralysed         |       |     2 |       ||     2
         Sleeping          |       |     1 |     3 ||     4
 Armour: Leather armour    |    18 |    40 |     9 ||    67
  Dodge: Dodged            |    47 |    59 |    21 ||   127
